 Dungeon Crawl Stone Soup version 0.24.0-13-gcf9b3192b9 (webtiles) character file.

Game seed: 4491620997348898876, levelgen mode: deterministic

218 Iamsoldier the Gusty (level 5, -7/38 HPs)
             Began as a Draconian Air Elementalist on Nov 5, 2019.
             Killed from afar by an orc wizard (14 damage)
             ... with a puff of frost
             ... on level 3 of the Dungeon.
             The game lasted 00:14:38 (4239 turns).

Iamsoldier the Gusty (Draconian Air Elementalist)   Turns: 4239, Time: 00:14:38

Health: -7/38      AC:  6    Str: 11    XL:     5   Next: 63%
Magic:  1/9        EV: 28    Int: 16    God:
Gold:   113        SH:  0    Dex: 13    Spells: 9/10 levels left

rFire    . . .     SeeInvis .   m - +2 dagger (speed)
rCold    . . .     Gourm    .   (no shield)
rNeg     . . .     Faith    .   (armour unavailable)
rPois    .         Spirit   .   (helmet restricted)
rElec    .         Reflect  .   c - +0 cloak (curse)
rCorr    .         Harm     .   (no gloves)
MR       .....                  (no boots)
Stlth    ++........             b - amulet of the acrobat
HPRegen  0.12/turn              h - +2 ring of dexterity
MPRegen  0.11/turn              (no ring)

@: lethally poisoned (-7 -> -22), acrobat
A: unfitting armour, cold-blooded, AC +5
a: no special abilities


You were on level 3 of the Dungeon.
You were not hungry.

You visited 1 branch of the dungeon, and saw 3 of its levels.

You collected 113 gold pieces.

Inventory:

Hand Weapons
 m - a +2 dagger of speed (weapon)
Armour
 c - a cursed +0 cloak (worn)
Jewellery
 b - an amulet of the acrobat (around neck)
 h - a +2 ring of dexterity (left hand)
Wands
 a - a wand of polymorph (5)
Scrolls
 d - a scroll of fear {unknown}
 e - 4 scrolls of identify {unknown}
 f - a scroll of amnesia {unknown}
 j - a scroll of blinking {unknown}
 k - 2 scrolls of magic mapping {unknown}
Potions
 g - 2 potions of mutation {unknown}
 l - a potion of brilliance {unknown}
 n - a potion of heal wounds
 p - a potion of magic {unknown}
Comestibles
 i - 2 rations
 o - a chunk of flesh


   Skills:
 - Level 2.8 Dodging
 - Level 1.7 Stealth
 + Level 3.0 Spellcasting
 + Level 2.7 Conjurations
 * Level 4.4 Air Magic


You had 9 spell levels left.
You knew the following spells:

 Your Spells              Type           Power        Failure   Level  Hunger
a - Shock                 Conj/Air       ##..         4%          1    #......

Your spell library contained the following spells:

 Spells                   Type           Power        Failure   Level  Hunger
 Swiftness                Chrm/Air       #.......     11%         2    ##.....
 Static Discharge         Conj/Air       ##......     13%         3    ###....
 Airstrike                Air            ###.......   28%         4    #####..
 Lightning Bolt           Conj/Air       ##........   75%         5    ######.


Dungeon Overview and Level Annotations

Branches:
Dungeon (3/15)

Altars:
Cheibriados
Wu Jian


Innate Abilities, Weirdness & Mutations

Your plain brown scales are hard. (AC +5)
You cannot fit into any form of body armour.
You are cold-blooded and may be slowed by cold attacks.


Message History

The magic dart hits you.
Casting: Shock (safe; 4% risk of failure)
Confirm with . or Enter, or press ? or * to list all spells.
You don't have enough magic to cast that spell.
You feel sick.
You feel sick.
You feel sick.
A magic dart appears from out of thin air!
The magic dart hits you.
You feel sick.
A puff of frost appears from out of thin air!
The puff of frost hits you!
* * * LOW HITPOINT WARNING * * *
* * * LOW HITPOINT WARNING * * *
You feel sick.
* * * LOW HITPOINT WARNING * * *
You feel sick.
A puff of frost appears from out of thin air!
The puff of frost hits you!
You die...

......#..#
..?...#..#
...w.##..#########
##.####....).))o.#
oo............5#.#
o####..#.......#.#
o..o..........)#.#
#######.......#.#
#.......#@#
#.......#.#
####.####.# #.#
##.## #.###...##
#.##.....#
#........#
#.##.....###
#....รท.....#


You could see an orc.

Vanquished Creatures
  2 orc priests (D:3)
  Ijyb (D:3)
  4 gnolls (D:3)
  2 worms
  2 dart slugs
  2 leopard geckos
  5 orcs (D:3)
  10 bats
  12 giant cockroaches
  10 goblins
  4 hobgoblins
  7 kobolds
  4 quokkas
  A ball python (D:1)
  8 frilled lizards
  4 rats
78 creatures vanquished.

Notes
Turn   | Place    | Note
-------+----------+-------------------------------------------
     0 | D:1      | Iamsoldier the Draconian Air Elementalist began the quest
                  | for the Orb.
     0 | D:1      | Reached XP level 1. HP: 14/14 MP: 3/3
   408 | D:1      | Reached XP level 2. HP: 20/20 MP: 1/5
  1231 | D:2      | Reached XP level 3. HP: 25/26 MP: 0/6
  2644 | D:3      | Found a snail-covered altar of Cheibriados.
  2826 | D:3      | Reached XP level 4. HP: 21/33 MP: 0/7
  2846 | D:3      | HP: 1/33 [orc priest/divine providence (14)]
  2848 | D:3      | Reached skill level 4 in Air Magic
  3424 | D:3      | Noticed Ijyb
  3446 | D:3      | Killed Ijyb
  3446 | D:3      | Reached XP level 5. HP: 38/38 MP: 0/9
  4205 | D:3      | Found an ornate altar of the Wu Jian Council.
  4239 | D:3      | Killed from afar by an orc wizard

Levels and vault maps discovered:
D:1:      wander_arrival_fairy_ring, layout_basic
D:2:      minmay_roachtagon, layout_basic, nrook_mini_vaults
D:3:      kennysheep_the_goblin_king, layout_loops_ring, old_standard_altar,
          cheibriados_altar_1

Skill      XL: |  1  2  3  4  5 |
---------------+----------------+-----
Dodging        | 2 |  2.8
Conjurations   | 2 |  2.7
Air Magic      | 4 |  4.4
Spellcasting   | 3 |  3.0
Stealth        | |  1.7

Action                   |  1- 3 |  4- 6 || total
-------------------------+-------+-------++-------
Melee: Unarmed           |    77 |       ||    77
       Tailslap          |    10 |     7 ||    17
       Dagger            |    10 |    47 ||    57
 Cast: Shock             |    94 |    57 ||   151
  Use: Potion            |       |     1 ||     1
 Stab: Sleeping          |     1 |       ||     1
  Eat: Ration            |     2 |     1 ||     3
       Chunk             |     2 |     2 ||     4
Armor: Skin              |    67 |    17 ||    84
Dodge: Dodged            |    88 |    45 ||   133
